 Dungeon Crawl Stone Soup version 0.29.1-1-gd02db6906a (webtiles) character file.

Game seed: 9442553286894857164

2454 funkygono the Thaumaturge (level 9, 0/47 HPs)
             Began as a Deep Elf Fire Elementalist on Oct 19, 2022.
             Was an Initiate of Vehumet.
             Slain by a tengu warrior
             ... wielding a +0 great mace
             ... created by the fury of Okawaru
              (14 damage)
             ... on level 8 of the Dungeon.
             The game lasted 00:12:14 (8936 turns).

funkygono the Thaumaturge (DEFE)                    Turns: 8936, Time: 00:12:14

Health: 0/47       AC:  5    Str:  5    XL:     9   Next: 25%
Magic:  8/25       EV: 13    Int: 25    God:    Vehumet [......]
Gold:   510        SH:  0    Dex: 15    Spells: 15/29 levels left

rFire   . . .      SeeInvis .   h - +2 short sword (venom)
rCold   . . .      Faith    .   (no shield)
rNeg    . . .      Spirit   .   a - +0 robe
rPois   .          Reflect  .   l - +0 helmet
rElec   .          Harm     .   f - +0 cloak
rCorr   .          Rampage  .   p - +0 pair of gloves
Will    .....                   (no boots)
Stlth   +++.......              (no amulet)
HPRegen 0.15/turn               (no ring)
MPRegen 0.19/turn               (no ring)

@: no status effects
A: no striking features
a: Renounce Religion


You were on level 8 of the Dungeon.
You worshipped Vehumet.
Vehumet was noncommittal.
You visited 2 branches of the dungeon, and saw 9 of its levels.

You collected 510 gold pieces.

Inventory:

Hand Weapons
 c - a +1 dagger of electrocution
 e - a +0 short sword of draining
 h - a +2 short sword of venom (weapon)
Missiles
 w - 2 throwing nets
Armour
 a - a +0 robe (worn)
 f - a +0 cloak (worn)
 l - a +0 helmet (worn)
 p - a +0 pair of gloves (worn)
Magical Staves
 n - a staff of poison
 B - a staff of conjuration
Wands
 s - a wand of flame (23)
 x - a wand of mindburst (12)
Scrolls
 g - 2 scrolls of teleportation
 j - 2 scrolls of immolation
 q - a scroll of fog
 r - 3 scrolls of poison
 u - 2 scrolls of blinking
 z - 2 scrolls of magic mapping
 A - a scroll of brand weapon
Potions
 b - a potion of magic
 d - 7 potions of heal wounds
 i - a potion of attraction
 k - 2 potions of curing
 m - a potion of invisibility
 o - a potion of flight
 t - a potion of lignification
 v - 2 potions of ambrosia


   Skills:
 + Level 1.3 Fighting
 + Level 0.3 Short Blades
 + Level 4.2 Dodging
 + Level 3.9 Stealth
 + Level 10.7 Spellcasting
 + Level 5.7 Conjurations
 + Level 8.2 Fire Magic


You had 15 spell levels left.
You knew the following spells:

 Your Spells              Type           Power      Damage    Failure   Level
a - Foxfire               Conj/Fire      100%       2x1d9     1%          1
b - Scorch                Fire           100%       2d10      1%          2
c - Flame Wave            Conj/Fire      48%        2d12      2%          4
d - Searing Ray           Conj           84%        2d7       1%          2
e - Lightning Bolt        Conj/Air       13%        1d27      36%         5

Your spell library contained the following spells:

 Spells                   Type           Power      Damage    Failure   Level
 Magic Dart               Conj           100%       1d8       1%          1
 Conjure Flame            Conj/Fire      48%        6-21      1%          3
 Static Discharge         Conj/Air       27%        3-7/arc   2%          2
 Inner Flame              Hex/Fire       34%        N/A       2%          3
 Apportation              Tloc           26%        N/A       4%          1
 Necrotise                Necr           52%        1d6       4%          1
 Summon Small Mammal      Summ           52%        N/A       4%          1
 Ensorcelled Hibernation  Hex/Ice        26%        N/A       7%          2
 Passwall                 Tmut/Erth      10%        N/A       7%          2
 Swiftness                Air            13%        N/A       14%         3
 Vampiric Draining        Necr           13%        2d6       14%         3
 Fulminant Prism          Conj/Hex       13%        3d9       14%         4
 Agony                    Necr           13%        N/A       77%         5
 Maxwell's Capacitive Co  Air            6%         ∞         100%        8


Dungeon Overview and Level Annotations

Branches:
Dungeon (8/15)             Temple (1/1) D:4
   Lair: D:8-11

Altars:
Ashenzari
Cheibriados
Dithmenos
Elyvilon
Fedhas
Gozag
Kikubaaqudgha
Makhleb
Okawaru
Qazlal
Ru
Sif Muna
Trog
Uskayaw
Vehumet
Wu Jian
Xom
Yredelemnul
Zin
The Shining One
Jiyva

Portals:
Bailey: D:8


Message History

The tengu warrior claws you but does no damage.
The orc is engulfed in a cloud of scalding steam.
Casting: Foxfire (safe; 1% risk of failure)
Confirm with . or Enter, or press ? or * to list all spells.
You conjure some foxfire!
The foxfire hits the tengu warrior.
The tengu warrior is lightly wounded.
The foxfire hits the orc warrior but does no damage.
The orc warrior is heavily wounded.
The tengu warrior is engulfed in a cloud of scalding steam.
The tengu warrior hits you with a +0 great mace!
The tengu warrior misses you. The tengu warrior claws you.
Casting: Foxfire (safe; 1% risk of failure)
Confirm with . or Enter, or press ? or * to list all spells.
Casting: Flame Wave (dangerous; 2% risk of failure)
Press: ? - help, Dir - look around, f - activate A wave of flame ripples out!
The flame wave engulfs the orc warrior!
The orc warrior is severely wounded.
The flame wave engulfs the tengu warrior.
The tengu warrior is lightly wounded.
The flame wave engulfs the tengu warrior!
The tengu warrior is moderately wounded.
The flame wave engulfs your foxfire.
Your foxfire completely resists.
The flame wave engulfs your foxfire.
Your foxfire completely resists. (Press . to intensify the flame waves.)
You hear an angry hiss.
You hear a bellow! x2
The foxfire hits the tengu warrior.
The tengu warrior is heavily wounded.
The foxfire hits the tengu warrior.
The tengu warrior is heavily wounded.
The orc warrior hits you with a +0 flail!
* * * LOW HITPOINT WARNING * * *
The tengu warrior is engulfed in a cloud of scalding steam.
The tengu warrior barely misses you.
The tengu warrior pecks you but does no damage.
The tengu warrior barely misses you.
The tengu warrior is engulfed in a cloud of scalding steam.
The tengu warrior hits you with a +0 great mace!
You die...

........#
........#
........#
........#
......# #
~~oo#.#
#####o.#.#
#.)§#Q@§.#
#.∩).Q.###
#...#~.###
≈#####~.#<#
§§~~~~~.#.#
...
........#.#
#.#
#######.#.#
... #.#.#
#.# #.#.#
#.#


You could see 2 tengu warriors, an orc warrior and 2 orcs.

Vanquished Creatures
  Pikel (D:6)
  The ghost of suse60 the Poker, an amateur MfGl (D:3)
  An acid dragon (D:7)
  2 water moccasins
  An orc warrior (D:7)
  An ice beast (D:5)
  An ogre (D:5)
  2 phantoms
  4 lemures (D:6)
  3 bullfrogs (D:6)
  A howler monkey (D:5)
  A gnoll bouda (D:8)
  3 orc priests
  5 hounds (D:6)
  2 iguanas (D:6)
  9 orc wizards
  9 gnolls
  9 adders
  2 shadow imps (D:6)
  A white imp (D:7)
  An ufetubus (D:6)
  3 worms
  5 dart slugs
  19 orcs
  6 bats
  12 endoplasms
  2 giant cockroaches
  16 goblins
  6 hobgoblins
  5 jackals
  5 kobolds
  5 quokkas
  11 ball pythons
  5 frilled lizards
  9 rats
169 creatures vanquished.

Vanquished Creatures (others)
  612 foxfires
612 creatures vanquished.

Grand Total: 781 creatures vanquished

Notes
Turn   | Place    | Note
-------+----------+-------------------------------------------
     0 | D:1      | funkygono the Deep Elf Fire Elementalist began the quest
                  | for the Orb.
     0 | D:1      | Reached XP level 1. HP: 10/10 MP: 6/6
   238 | D:1      | Reached XP level 2. HP: 15/15 MP: 2/8
   241 | D:1      | Learned a level 2 spell: Scorch
   824 | D:1      | Found a faded altar of an unknown god.
  1225 | D:2      | Reached XP level 3. HP: 17/19 MP: 0/10
  1417 | D:2      | Reached skill level 4 in Spellcasting
  1908 | D:2      | Reached XP level 4. HP: 24/24 MP: 9/12
  1955 | D:2      | Learned a level 4 spell: Flame Wave
  2797 | D:3      | Identified the +10 dagger "Iradwot" {protect, +Blink rElec
                  | rF+ Int-4}
  3355 | D:3      | Reached XP level 5. HP: 28/28 MP: 11/14
  3386 | D:3      | Reached skill level 5 in Spellcasting
  3633 | D:3      | Found a large runed translucent door.
  3633 | D:3      | Found a large runed translucent door.
  3634 | D:3      | Noticed suse60's ghost (amateur MfGl)
  3922 | D:3      | Killed suse60's ghost
  3923 | D:3      | Reached XP level 6. HP: 21/32 MP: 5/16
  4426 | D:4      | Reached skill level 6 in Spellcasting
  4426 | D:4      | Reached skill level 5 in Fire Magic
  4703 | D:4      | Found a staircase to the Ecumenical Temple.
  4743 | Temple   | Entered the Ecumenical Temple
  4876 | Temple   | Became a worshipper of Warmaster Okawaru
  5242 | D:5      | Entered Level 5 of the Dungeon
  5266 | D:5      | Reached XP level 7. HP: 33/37 MP: 8/19
  5447 | D:5      | Reached skill level 7 in Spellcasting
  6338 | D:5      | Found a sacrificial altar of Ru.
  6450 | D:5      | Found a burning altar of Makhleb.
  6451 | D:5      | Found a stormy altar of Qazlal.
  6453 | D:5      | Found a basalt altar of Yredelemnul.
  6454 | D:5      | Found an opulent altar of Gozag.
  6526 | D:6      | Reached * piety under Okawaru
  6531 | D:6      | Reached skill level 8 in Spellcasting
  6534 | D:6      | Reached XP level 8. HP: 42/42 MP: 9/22
  6774 | D:6      | Noticed Pikel
  7127 | D:6      | Reached skill level 9 in Spellcasting
  7308 | D:6      | Reached skill level 1 in Fighting
  7368 | D:6      | Found a glowing silver altar of Zin.
  7693 | D:6      | Killed Pikel
  7693 | D:6      | Reached ** piety under Okawaru
  7694 | D:6      | Reached skill level 10 in Spellcasting
  7694 | D:6      | Reached skill level 5 in Conjurations
  7694 | D:6      | Reached XP level 9. HP: 24/47 MP: 11/25
  7851 | D:6      | Learned a level 2 spell: Searing Ray
  7857 | D:6      | Learned a level 5 spell: Lightning Bolt
  8072 | D:7      | Found a snail-covered altar of Cheibriados.
  8133 | D:7      | Found an ornate altar of the Wu Jian Council.
  8385 | D:7      | Found a radiant altar of Vehumet.
  8416 | D:7      | Found an ancient bone altar of Kikubaaqudgha.
  8499 | D:7      | Fell from the grace of Okawaru
  8499 | D:7      | Became a worshipper of Vehumet
  8509 | D:7      | Found a shimmering blue altar of Sif Muna.
  8928 | D:8      | Found a flagged portal.
  8932 | D:8      | Noticed a tengu warrior
  8932 | D:8      | Noticed a tengu warrior
  8936 | D:8      | Slain by a tengu warrior

Illustrated notes

Levels and vault maps discovered:
D:1:      moated_graveyard_arrival, layout_loops_corners, basic_ecumenical_altar
D:2:      minmay_chambers_of_twos, layout_basic
D:3:      layout_basic, ebering_ghost_disaster_area, wad_orctagon
D:4:      layout_basic, minmay_temple_entry_steel_oval, grunt_decor_arrowhead
D:5:      layout_loops_ring, minitemple, amcnicky_mini_rare_corridor_liquid,
          kennysheep_dice
D:6:      layout_rooms, zin_scriptorium, uniq_pikel
D:7:      layout_loops_cross, palyth_temple_overflow_mages,
          nicolae_overflow_crystal_walls, kennysheep_little_box
D:8:      layout_basic, enter_bailey_3, wad_floor_pattern_untrapped,
          nicolae_fountain_basement, uniq_erica, uniq_prince_ribbit1
Temple:   pf_slimified_temple

Skill      XL: |  1  2  3  4  5  6  7  8  9 |
---------------+----------------------------+-----
Fire Magic     | 4 5 6 7 8 |  8.2
Spellcasting   | 4 5 6 8 10 | 10.7
Conjurations   | 2 3 4 5 |  5.7
Dodging        | 3 4 |  4.2
Stealth        | 3 |  3.9
Fighting       | 1 |  1.3
Short Blades   | |  0.3

Action                   |  1- 3 |  4- 6 |  7- 9 || total
-------------------------+-------+-------+-------++-------
Melee: Dagger            |       |     1 |     1 ||     2
 Cast: Foxfire           |    66 |   131 |   171 ||   368
       Scorch            |     5 |    14 |    31 ||    50
       Flame Wave        |       |       |     1 ||     1
  Use: Scroll            |       |    13 |     7 ||    20
Armor: Robe              |     1 |     9 |    16 ||    26
Dodge: Dodged            |     6 |    27 |    39 ||    72
